 Dungeon Crawl Stone Soup version 0.27.1-4-g1640c2035a (webtiles) character file.

Game seed: 4064697579779546147

159 styxcanada the Covert (level 5, -5/26 HPs)
             Began as a Spriggan Brigand on Nov 9, 2021.
             Slain by a gnoll (16 damage)
             ... on level 3 of the Dungeon.
             The game lasted 00:10:25 (3082 turns).

styxcanada the Covert (Spriggan Brigand)            Turns: 3082, Time: 00:10:25

Health: -5/26      AC:  3    Str:  7    XL:     5   Next: 17%
Magic:  6/6        EV: 17    Int: 13    God:
Gold:   83         SH:  0    Dex: 17    Spells: 4/4 levels left

rFire    . . .     SeeInvis +   a - +3 dagger
rCold    . . .     Faith    .   (shield restricted)
rNeg     . . .     Spirit   .   b - +0 robe
rPois    .         Reflect  .   (helmet restricted)
rElec    .         Harm     .   c - +0 cloak
rCorr    .         Rampage  .   (gloves unavailable)
Will     .....                  (boots unavailable)
Stlth    ++++......             (no amulet)
HPRegen  0.08/turn              (no ring)
MPRegen  0.10/turn              (no ring)

@: very quick
A: very small, no large weapons, unfitting armour, see invisible, speed 3
a: no special abilities


You were on level 3 of the Dungeon.
You visited 1 branch of the dungeon, and saw 3 of its levels.

You collected 83 gold pieces.

Inventory:

Hand Weapons
 a - a +3 dagger (weapon)
 i - a +0 hunting sling
Missiles
 d - 3 poisoned darts (quivered)
 e - a curare-tipped dart
 g - 36 stones
Armour
 b - a +0 robe (worn)
 c - a +0 cloak (worn)
Wands
 m - a wand of iceblast (7)
Scrolls
 l - a scroll of identify {unknown}
Potions
 f - a potion of brilliance {unknown}
 h - a potion of berserk rage {unknown}
 j - 2 potions of heal wounds {unknown}
 k - a potion of haste {unknown}


   Skills:
 * Level 2.1 Fighting
 + Level 2.7 Short Blades
 + Level 2.4 Throwing
 * Level 2.5 Dodging
 * Level 8.4 Stealth


You had 4 spell levels left.
You didn't know any spells.
Your spell library was empty.

Dungeon Overview and Level Annotations

Branches:
Dungeon (3/15)

Altars:


Innate Abilities, Weirdness & Mutations

You are very small and have problems with some larger weapons.
You are too small for most types of armour.
You have supernaturally acute eyesight. (SInv)
You cover ground extremely quickly. (Speed+++)


Message History

The orc looks more healthy.
The gnoll misses you.
Found a forked copper wand.
Found a short sword.
There is an open door here.
You see here a wand of iceblast (7).
m - a wand of iceblast (7)
There is an open door here.
You see here a poisoned dart.
d - 2 poisoned darts (gained 1) Throw: 2 darts (poison)
Press: ? - help, Q - select action, (/) - cycle Shift-Dir - straight line, f/p - orc
Aim: an orc, wielding a +0 flail and wearing a +0 leather armour (heavily wounded, 62% to hit)
You throw a poisoned dart.
The poisoned dart closely misses the orc.
The orc closely misses you.
You closely miss the orc.
The orc is heavily wounded.
You hit the orc.
You kill the orc!
Things that are here:
a +0 flail; a +0 leather armour
d - 2 poisoned darts (gained 1)
d - 3 poisoned darts (gained 1)
Things that are here:
a +0 flail; a +0 leather armour
Things that are here:
a +0 flail; a gnoll corpse You start resting.
A gnoll is nearby!
The gnoll shouts!
You hit the gnoll.
The gnoll is lightly wounded.
The gnoll closely misses you.
You hit the gnoll.
The gnoll is moderately wounded.
You hit the gnoll.
The gnoll is heavily wounded.
The gnoll hits you with a +0 halberd!
Ouch! That really hurt!
You die...

######### #.......#
####### #.......# #>....#
#.......###.....##
#.......(........#
#.......#g#......#########
#.......#@#........†......
#.......#.###...)###.###..
####.####)####.#.# #......
#g# #..).....#######.. #.#
######.#...)...... ##.##
##'########... #.#.#
##...## #.## ##.##
##.....## #.# #####.###
##.......## #..


You could see a gnoll.

Vanquished Creatures
  An orc wizard (D:3)
  6 gnolls
  An adder (D:3)
  2 worms (D:2)
  A dart slug (D:2)
  5 orcs (D:3)
  2 ball pythons
  4 bats
  5 endoplasms
  3 giant cockroaches (D:1)
  3 goblins
  3 hobgoblins
  4 kobolds
  3 quokkas
  10 frilled lizards
  4 rats
57 creatures vanquished.

Notes
Turn   | Place    | Note
-------+----------+-------------------------------------------
     0 | D:1      | styxcanada the Spriggan Brigand began the quest for the
                  | Orb.
     0 | D:1      | Reached XP level 1. HP: 10/10 MP: 2/2
   159 | D:1      | Reached skill level 6 in Stealth
   188 | D:1      | Reached XP level 2. HP: 5/15 MP: 3/3
   848 | D:1      | Reached skill level 7 in Stealth
  1215 | D:2      | Reached XP level 3. HP: 18/18 MP: 4/4
  2297 | D:2      | Reached XP level 4. HP: 21/23 MP: 5/5
  2718 | D:3      | Reached skill level 8 in Stealth
  2893 | D:3      | Reached XP level 5. HP: 26/26 MP: 6/6
  3082 | D:3      | Slain by a gnoll

Illustrated notes

Levels and vault maps discovered:
D:1:      amcnicky_arrival_abandoned_market, layout_basic, minmay_lizard_pond
D:2:      layout_basic
D:3:      layout_loops_corners, minivault_4

Skill      XL: |  1  2  3  4 |
---------------+-------------+-----
Stealth        | 6 7 8 |  8.4
Dodging        | 2 |  2.5
Fighting       | 2 |  2.1
Short Blades   | |  2.7
Throwing       | |  2.4

Action                   |  1- 3 |  4- 6 || total
-------------------------+-------+-------++-------
Melee: Dagger            |   105 |    46 ||   151
Throw: Dart              |    18 |    26 ||    44
       Stone             |     2 |     4 ||     6
  Use: Scroll            |       |     1 ||     1
 Stab: Sleeping          |    11 |     4 ||    15
       Distracted        |     1 |     1 ||     2
Armor: Robe              |    13 |     2 ||    15
Dodge: Dodged            |    58 |    22 ||    80
